Maple Leafs vs Predators

Created - April 30, 2020 at 20:37

Goals
1 2 3 T
Maple Leafs 0 1 2 3
Predators 0 1 1 2
Shots
1 2 3 T
Maple Leafs 7 13 16 36
Predators 12 19 8 39

1st period

No Goal

Penalties :
Justin Faulk (Nas) for Goalie Interference (Minor) at 2:51, Braydon Coburn (Tor) for Interference (Minor) at 16:22

2nd period

1. Predators , Nate Schmidt 3 (Alex Killorn 9, Ryan Kesler 35) at 7:26
2. Maple Leafs , Taylor Hall 27 (Patrick Kane 47, Kevin Shattenkirk 52) at 8:52

Penalties :
No Penalty

3rd period

3. Predators , Mikael Granlund 28 (Alexander Ovechkin 61, Niclas Bergfors 31) at 0:20 (PP)
4. Maple Leafs , Nate Thompson 5 (Beau Bennett 8, Jake Guentzel 2) at 2:49
5. Maple Leafs , Brayden Schenn 25 (Braydon Coburn 27, Kyle Clifford 30) at 12:11

Penalties :
Patrick Kane (Tor) for Delaying the game (Minor) at 0:08, Braydon Coburn (Tor) for Slashing (Minor) at 0:23, Ben Smith (Tor) for Roughing (Minor) at 3:37, Brendan Gallagher (Nas) for Tripping (Minor) at 12:52, Mikael Granlund (Nas) for Tripping (Minor) at 16:10

Goalie Stats

Marc-André Fleury (Tor), 37 saves from 39 shots - (0.949), W, 31-25-8, 60:00 minutes
Viktor Fasth (Nas), 33 saves from 36 shots - (0.917), L, 32-20-7, 59:44 minutes

Players Stats for Maple Leafs

Player Name              G  A  P  +/- PIM S  H  SB GA TA FO     MP     PP MP  PK MP  
------------------------------------------------------------------------------------
Beau Bennett             0  1  1   1  0   1  1  0  0  0  0/0     7:20   0:00   0:00 
Ben Smith                0  0  0   1  2   1  2  0  0  1  0/0    15:48   2:32   0:00 
Blake Comeau             0  0  0  -1  0   3  2  0  1  1  0/1    13:00   0:00   0:39 
Brayden Schenn           1  0  1   1  0   2  2  0  0  0  6/12   16:43   2:32   1:31 
Braydon Coburn           0  1  1   3  4   0  1  3  0  0  0/0    25:43   3:39   1:23 
Calvin de Haan           0  0  0   0  0   2  0  1  0  0  0/0    10:11   0:00   0:00 
Eric Nystrom             0  0  0  -1  0   1  2  0  0  0  0/1    12:15   0:04   0:00 
Hampus Lindholm          0  0  0  -1  0   2  0  2  0  1  0/0    21:55   2:18   3:08 
Jake Guentzel            0  1  1   1  0   2  1  0  0  0  0/0     7:20   0:00   0:00 
John Klingberg           0  0  0  -1  0   2  2  0  0  1  0/0    20:28   2:18   1:38 
Jordan Staal             0  0  0   1  0   6  1  0  0  1  15/32  19:52   3:25   1:31 
Kevin Shattenkirk        0  1  1   3  0   1  1  2  1  1  0/0    29:21   3:39   4:31 
Kyle Clifford            0  1  1   1  0   4  0  0  1  0  1/1    15:55   2:32   0:27 
Mika Zibanejad           0  0  0  -1  0   0  1  0  1  0  1/3    12:05   0:00   0:00 
Nate Thompson            1  0  1   1  0   1  0  0  0  0  2/4     7:20   0:00   0:00 
Patrick Kane             0  1  1   1  2   5  2  1  1  4  8/12   22:56   3:25   3:59 
Ryan Parent              0  0  0   0  0   0  0  0  0  0  0/0    12:36   0:00   1:38 
Taylor Hall              1  0  1   1  0   3  1  0  1  0  0/0    22:59   3:21   4:11 

Players Stats for Predators

Player Name              G  A  P  +/- PIM S  H  SB GA TA FO     MP     PP MP  PK MP  
------------------------------------------------------------------------------------
Alex Killorn             0  1  1   0  0   2  1  0  0  0  0/0    16:31   2:13   0:16 
Alexander Edler          0  0  0  -1  0   4  2  1  3  2  0/0    27:32   4:01   3:31 
Alexander Ovechkin       0  1  1   0  0   9  2  1  1  1  3/6    22:38   3:56   3:21 
Alexander Steen          0  0  0  -2  0   1  0  0  2  0  0/0    11:44   0:00   1:11 
Andy Miele               0  0  0  -2  0   2  2  0  0  0  7/11   11:49   0:00   1:09 
Brendan Gallagher        0  0  0   0  2   4  3  0  0  0  0/0    19:58   2:13   2:16 
Byron Bitz               0  0  0   0  0   0  0  1  0  0  0/0     6:23   0:00   0:00 
Denis Grebeshkov         0  0  0   0  0   2  0  0  0  0  0/0    11:54   0:00   0:00 
John Moore               0  0  0  -1  0   1  1  0  0  2  0/0    21:05   2:08   2:26 
Justin Abdelkader        0  0  0   0  0   2  2  0  0  0  0/0     9:32   0:00   1:41 
Justin Faulk             0  0  0  -1  2   1  0  1  0  0  0/0    18:10   2:08   0:00 
Maxim Afinogenov         0  0  0  -2  0   0  1  0  1  0  0/0    11:49   0:00   1:09 
Mikael Granlund          1  0  1   0  2   4  0  1  0  0  16/33  19:06   3:56   0:45 
Nate Schmidt             1  0  1   0  0   3  1  0  0  0  0/0    14:45   0:00   2:26 
Niclas Bergfors          0  1  1   0  0   2  1  0  1  1  2/3    19:17   3:56   0:00 
Nik Antropov             0  0  0   0  0   0  0  1  0  0  1/1     7:21   0:00   0:06 
Ryan Kesler              0  1  1   0  0   1  2  1  1  0  4/12   17:17   2:13   0:00 
Ryan Mcdonagh            0  0  0  -1  0   1  3  0  1  0  0/0    27:09   4:01   3:31 

3 Stars

1 - Marc-André Fleury (Tor)
2 - Brayden Schenn (Tor)
3 - Kevin Shattenkirk (Tor)

Power Play

Maple Leafs - 0 on 3 Attempt(s) - 0.00%
Predators - 1 on 4 Attempt(s) - 25.00%

Penalty Kill

Maple Leafs - 3 on 4 Attempt(s) - 75.00% - Score 0 goal in Penalty Kill
Predators - 3 on 3 Attempt(s) - 100.00% - Score 0 goal in Penalty Kill

Team Stat

Maple Leafs - Hits : 19 - Faceoff Wins : 33 - Blocked Shots : 9 - Penalty Minutes : 8
Predators - Hits : 21 - Faceoff Wins : 33 - Blocked Shots : 7 - Penalty Minutes : 6

Official

Referees : Unknown
Linesman : Unknown

Game Notes

No Game Note

Finance

Level 1 -- Attendance: 5568 (92.80%) -- Ticket Income $584,640
Level 2 -- Attendance: 4385 (87.70%) -- Ticket Income $298,180
Level 3 -- Attendance: 2000 (100.00%) -- Ticket Income $84,000
Level 4 -- Attendance: 3307 (82.68%) -- Ticket Income $99,210
Luxury Box -- Attendance: 833 (83.30%) -- Ticket Income $166,600
Game was played at the Wildcat center.
Total Attendance: 16093 (89.41%)
Total Ticket Income: $1,232,630
Other Income: $184,894
Total Income: $1,417,524

Maple Leafs

5 vs 5 Forward 
   Center                   Left Wing                Right Wing               Time % Phy DF OF 
 1 Jordan Staal             Taylor Hall              Patrick Kane             40     1   2  2  
 2 Brayden Schenn           Kyle Clifford            Ben Smith                30     1   2  2  
 3 Mika Zibanejad           Eric Nystrom             Blake Comeau             20     1   2  2  
 4 Nate Thompson            Jake Guentzel            Beau Bennett             10     1   2  2  

5 vs 5 Defense 
   Defense                  Defense                                           Time % Phy DF OF 
 1 Kevin Shattenkirk        Braydon Coburn                                    40     1   2  2  
 2 John Klingberg           Hampus Lindholm                                   30     1   2  2  
 3 Ryan Parent              Calvin de Haan                                    20     1   2  2  
 4 Kevin Shattenkirk        Braydon Coburn                                    10     1   2  2  

PowerPlay Forward 
   Center                   Left Wing                Right Wing               Time % Phy DF OF 
 1 Jordan Staal             Taylor Hall              Patrick Kane             60     1   2  2  
 2 Brayden Schenn           Kyle Clifford            Ben Smith                40     1   2  2  

PowerPlay Defense
   Defense                  Defense                                           Time % Phy DF OF 
 1 Kevin Shattenkirk        Braydon Coburn                                    60     1   2  2  
 2 John Klingberg           Hampus Lindholm                                   40     1   2  2  

Penalty Kill 4 Players Forward 
   Center                   Wing                     Time % Phy DF OF 
 1 Patrick Kane             Taylor Hall              60     1   2  2  
 2 Jordan Staal             Brayden Schenn           40     1   2  2  

Penalty Kill 4 Players Defense
   Defense                  Defense                  Time % Phy DF OF 
 1 Kevin Shattenkirk        Braydon Coburn           60     1   2  2  
 2 John Klingberg           Ryan Parent              40     1   2  2  

Penalty Kill - 3 Players Forward 
   Forward                                           Time % Phy DF OF 
 1 Patrick Kane                                      60     1   2  2  
 2 Taylor Hall                                       40     1   2  2  

Penalty Kill - 3 Players Defense
   Defense                  Defense                  Time % Phy DF OF 
 1 Kevin Shattenkirk        Braydon Coburn           60     1   2  2  
 2 John Klingberg           Ryan Parent              40     1   2  2  

4 vs 4 Forward 
   Center                   Wing                     Time % Phy DF OF 
 1 Patrick Kane             Taylor Hall              60     1   2  2  
 2 Jordan Staal             Brayden Schenn           40     1   2  2  

4 vs 4 Defense
   Defense                  Defense                  Time % Phy DF OF 
 1 Kevin Shattenkirk        Braydon Coburn           60     1   2  2  
 2 John Klingberg           Ryan Parent              40     1   2  2  

Last Minutes Offensive
   Center                   Left Wing                Right Wing               Defense                  Defense                  
   Jordan Staal             Taylor Hall              Patrick Kane             Kevin Shattenkirk        Braydon Coburn           

Last Minutes Defensive
   Center                   Left Wing                Right Wing               Defense                  Defense                  
   Jordan Staal             Taylor Hall              Patrick Kane             Kevin Shattenkirk        Braydon Coburn           

Goaltenders
Starting : Marc-André Fleury        
Backup : Tyler Weiman             

Extra Forwards
Normal : Eric Nystrom, Mika Zibanejad, Blake Comeau - PP : Eric Nystrom, Mika Zibanejad - PK : Blake Comeau
Extra Defensemen
Normal : Ryan Parent, Hampus Lindholm, John Klingberg - PP : Ryan Parent - PK : Hampus Lindholm, John Klingberg
Penalty Shots
Patrick Kane, Taylor Hall, Jordan Staal, Brayden Schenn, Kyle Clifford

Scratches
Marc-Édouard Vlasic (Healthy)

Predators

5 vs 5 Forward 
   Center                   Left Wing                Right Wing               Time % Phy DF OF 
 1 Mikael Granlund          Alexander Ovechkin       Niclas Bergfors          40     1   2  2  
 2 Ryan Kesler              Alex Killorn             Brendan Gallagher        30     1   2  2  
 3 Andy Miele               Alexander Steen          Maxim Afinogenov         20     1   2  2  
 4 Nik Antropov             Justin Abdelkader        Byron Bitz               10     1   2  2  

5 vs 5 Defense 
   Defense                  Defense                                           Time % Phy DF OF 
 1 Ryan Mcdonagh            Alexander Edler                                   40     1   2  2  
 2 John Moore               Justin Faulk                                      30     1   3  1  
 3 Nate Schmidt             Denis Grebeshkov                                  20     1   2  2  
 4 Ryan Mcdonagh            Alexander Edler                                   10     1   3  1  

PowerPlay Forward 
   Center                   Left Wing                Right Wing               Time % Phy DF OF 
 1 Mikael Granlund          Alexander Ovechkin       Niclas Bergfors          60     1   1  3  
 2 Ryan Kesler              Alex Killorn             Brendan Gallagher        40     1   1  3  

PowerPlay Defense
   Defense                  Defense                                           Time % Phy DF OF 
 1 Ryan Mcdonagh            Alexander Edler                                   60     1   1  3  
 2 John Moore               Justin Faulk                                      40     1   1  3  

Penalty Kill 4 Players Forward 
   Center                   Wing                     Time % Phy DF OF 
 1 Alexander Ovechkin       Brendan Gallagher        60     1   2  2  
 2 Andy Miele               Maxim Afinogenov         40     1   2  2  

Penalty Kill 4 Players Defense
   Defense                  Defense                  Time % Phy DF OF 
 1 Ryan Mcdonagh            Alexander Edler          60     1   3  1  
 2 John Moore               Nate Schmidt             40     1   3  1  

Penalty Kill - 3 Players Forward 
   Forward                                           Time % Phy DF OF 
 1 Andy Miele                                        60     1   2  2  
 2 Alexander Ovechkin                                40     1   2  2  

Penalty Kill - 3 Players Defense
   Defense                  Defense                  Time % Phy DF OF 
 1 Ryan Mcdonagh            Alexander Edler          60     1   2  2  
 2 John Moore               Nate Schmidt             40     1   2  2  

4 vs 4 Forward 
   Center                   Wing                     Time % Phy DF OF 
 1 Ryan Kesler              Niclas Bergfors          60     1   2  2  
 2 Mikael Granlund          Alexander Ovechkin       40     1   2  2  

4 vs 4 Defense
   Defense                  Defense                  Time % Phy DF OF 
 1 Ryan Mcdonagh            Alexander Edler          60     1   2  2  
 2 John Moore               Justin Faulk             40     1   2  2  

Last Minutes Offensive
   Center                   Left Wing                Right Wing               Defense                  Defense                  
   Ryan Kesler              Alexander Ovechkin       Niclas Bergfors          Ryan Mcdonagh            Alexander Edler          

Last Minutes Defensive
   Center                   Left Wing                Right Wing               Defense                  Defense                  
   Ryan Kesler              Alexander Ovechkin       Andy Miele               Ryan Mcdonagh            John Moore               

Goaltenders
Starting : Viktor Fasth             
Backup : Anders Lindback          

Extra Forwards
Normal : Maxim Afinogenov, Alexander Steen, Andy Miele - PP : Maxim Afinogenov, Alexander Steen - PK : Justin Abdelkader
Extra Defensemen
Normal : Justin Faulk, Nate Schmidt, John Moore - PP : John Moore - PK : Justin Faulk, Nate Schmidt
Penalty Shots
Ryan Kesler, Niclas Bergfors, Alexander Ovechkin, Mikael Granlund, Maxim Afinogenov

Scratches
Dmitri Kalinin (Healthy), George Parros (Healthy)

% Time on Ice - Maple Leafs

Lines # - Real PCT - Wanted PCT - Time Play
Normal Forward
1 - 31% - 40% - 14:44
2 - 27% - 30% - 12:40
3 - 26% - 20% - 12:05
4 - 16% - 10% - 7:20
Normal Defense
1 - 40% - 40% - 18:53
2 - 33% - 30% - 15:27
3 - 22% - 20% - 10:11
4 - 5% - 10% - 2:18
PP Forward
1 - 57% - 60% - 3:25
2 - 43% - 40% - 2:32
PP Defense
1 - 61% - 60% - 3:39
2 - 39% - 40% - 2:18
PK Forward
1 - 75% - 60% - 4:38
2 - 25% - 40% - 1:31
PK Defense
1 - 73% - 60% - 4:31
2 - 27% - 40% - 1:38
PK3 Forward
1 - 0% - 60%
2 - 0% - 40%
PK3 Defense
1 - 0% - 60%
2 - 0% - 40%
44 Forward
1 - 0% - 60%
2 - 0% - 40%
44 Defense
1 - 0% - 60%
2 - 0% - 40%
Last Minute Offensive  - 0:00
Last Minute Defensive  - 1:05
Total
Forward - 60:00
Defense - 60:00

% Time on Ice - Predators

Lines # - Real PCT - Wanted PCT - Time Play
Normal Forward
1 - 34% - 40% - 15:47
2 - 30% - 30% - 14:09
3 - 23% - 20% - 10:33
4 - 14% - 10% - 6:23
Normal Defense
1 - 37% - 40% - 17:16
2 - 33% - 30% - 15:29
3 - 24% - 20% - 11:25
4 - 6% - 10% - 2:42
PP Forward
1 - 64% - 60% - 3:56
2 - 36% - 40% - 2:13
PP Defense
1 - 65% - 60% - 4:01
2 - 35% - 40% - 2:08
PK Forward
1 - 81% - 60% - 4:48
2 - 19% - 40% - 1:09
PK Defense
1 - 59% - 60% - 3:31
2 - 41% - 40% - 2:26
PK3 Forward
1 - 0% - 60%
2 - 0% - 40%
PK3 Defense
1 - 0% - 60%
2 - 0% - 40%
44 Forward
1 - 0% - 60%
2 - 0% - 40%
44 Defense
1 - 0% - 60%
2 - 0% - 40%
Last Minute Offensive  - 1:02
Last Minute Defensive  - 0:00
Total
Forward - 60:00
Defense - 60:00

Play-by-Play

1st period


0:01 of 1st period - Mikael Granlund wins face-off versus Jordan Staal in neutral zone.
0:12 of 1st period - Snap shot by Alexander Ovechkin.
0:12 of 1st period - Deflect By Mikael Granlund.
0:12 of 1st period - Stopped by Marc-André Fleury with a rebound.
0:14 of 1st period - Wrist shot by Alexander Ovechkin.
0:14 of 1st period - Stopped by Marc-André Fleury with a rebound.
1:05 of 1st period - Off-side.
1:06 of 1st period - Nik Antropov wins face-off versus Nate Thompson in neutral zone.
1:23 of 1st period - Beau Bennett is hit by Nate Schmidt and loses puck.
1:38 of 1st period - Snap shot by Beau Bennett.
1:38 of 1st period - Stopped by Viktor Fasth without a rebound.
1:39 of 1st period - Mikael Granlund wins face-off versus Jordan Staal in Predators zone.
2:10 of 1st period - Snap shot by Ryan Kesler.
2:10 of 1st period - Stopped by Marc-André Fleury without a rebound.
2:11 of 1st period - Brayden Schenn wins face-off versus Ryan Kesler in Maple Leafs zone.
2:11 of 1st period - Brayden Schenn is hit by Alex Killorn.
2:17 of 1st period - Ryan Kesler is hit by Brayden Schenn and loses puck.
2:27 of 1st period - Icing by Alex Killorn.
2:28 of 1st period - Jordan Staal wins face-off versus Ryan Kesler in Predators zone.
2:51 of 1st period - Minor Penalty to Justin Faulk for Goalie Interference.
2:52 of 1st period - Alexander Ovechkin wins face-off versus Jordan Staal in Predators zone.
4:23 of 1st period - Kevin Shattenkirk is hit by Justin Abdelkader and loses puck.
4:51 of 1st period - Penalty to Justin Faulk is over, Justin Faulk is back on ice.
4:52 of 1st period - Brendan Gallagher is hit by Patrick Kane and loses puck.
5:10 of 1st period - Eric Nystrom is hit by Brendan Gallagher and loses puck.
5:19 of 1st period - Braydon Coburn is hit by Brendan Gallagher and loses puck.
5:26 of 1st period - Snap shot by Justin Abdelkader.
5:26 of 1st period - Stopped by Marc-André Fleury without a rebound.
5:27 of 1st period - Nate Thompson wins face-off versus Andy Miele in Maple Leafs zone.
5:34 of 1st period - Denis Grebeshkov is hit by John Klingberg and loses puck.
7:06 of 1st period - Slapshot by Ryan Parent.
7:06 of 1st period - Shot Misses the Net.
7:12 of 1st period - Brendan Gallagher is hit by Ben Smith and loses puck.
7:45 of 1st period - Niclas Bergfors is hit by Eric Nystrom and loses puck.
8:11 of 1st period - Brayden Schenn is hit by Alexander Edler and loses puck.
8:51 of 1st period - Wrist shot by Blake Comeau.
8:51 of 1st period - Stopped by Viktor Fasth without a rebound.
8:52 of 1st period - Mika Zibanejad wins face-off versus Mikael Granlund in Predators zone.
10:08 of 1st period - Snap shot by Alexander Ovechkin.
10:08 of 1st period - Stopped by Marc-André Fleury without a rebound.
10:09 of 1st period - Jordan Staal wins face-off versus Ryan Kesler in Maple Leafs zone.
10:24 of 1st period - Snap shot by Jordan Staal.
10:24 of 1st period - Stopped by Viktor Fasth with a rebound.
10:44 of 1st period - Snap shot by Ryan Kesler.
10:44 of 1st period - Shot Blocked by Hampus Lindholm.
11:02 of 1st period - Slapshot by Hampus Lindholm.
11:02 of 1st period - Shot Misses the Net.
12:06 of 1st period - Brayden Schenn is hit by Ryan Mcdonagh and loses puck.
12:21 of 1st period - Jake Guentzel is hit by Ryan Mcdonagh and loses puck.
13:36 of 1st period - Byron Bitz is hit by Jake Guentzel.
13:48 of 1st period - Brendan Gallagher is hit by Eric Nystrom and loses puck.
14:00 of 1st period - Blake Comeau is hit by Brendan Gallagher.
14:12 of 1st period - Wrist shot by Brayden Schenn.
14:12 of 1st period - Shot Misses the Net.
14:14 of 1st period - Snap shot by Ben Smith.
14:14 of 1st period - Shot Blocked by Alexander Ovechkin.
14:16 of 1st period - Slapshot by Brayden Schenn.
14:16 of 1st period - Shot Misses the Net.
14:18 of 1st period - Snap shot by Calvin de Haan.
14:18 of 1st period - Stopped by Viktor Fasth without a rebound.
14:19 of 1st period - Mikael Granlund wins face-off versus Jordan Staal in Predators zone.
15:09 of 1st period - Alexander Edler is hit by Ben Smith and loses puck.
15:14 of 1st period - Snap shot by Brayden Schenn.
15:14 of 1st period - Deflect By Kyle Clifford.
15:14 of 1st period - Stopped by Viktor Fasth with a rebound.
15:33 of 1st period - Slapshot by John Klingberg.
15:33 of 1st period - Stopped by Viktor Fasth with a rebound.
15:36 of 1st period - Icing by Brendan Gallagher.
15:37 of 1st period - Patrick Kane wins face-off versus Ryan Kesler in Predators zone.
16:05 of 1st period - Off-side.
16:06 of 1st period - Kyle Clifford wins face-off versus Andy Miele in neutral zone.
16:09 of 1st period - Snap shot by Brayden Schenn.
16:09 of 1st period - Stopped by Viktor Fasth without a rebound.
16:10 of 1st period - Andy Miele wins face-off versus Brayden Schenn in Predators zone.
16:22 of 1st period - Minor Penalty to Braydon Coburn for Interference.
16:23 of 1st period - Mikael Granlund wins face-off versus Patrick Kane in Maple Leafs zone.
16:35 of 1st period - Snap shot by Niclas Bergfors.
16:35 of 1st period - Stopped by Marc-André Fleury with a rebound.
16:37 of 1st period - Snap shot by Niclas Bergfors.
16:37 of 1st period - Shot Blocked by Kevin Shattenkirk.
16:39 of 1st period - Wrist shot by John Moore.
16:39 of 1st period - Stopped by Marc-André Fleury without a rebound.
16:40 of 1st period - Mikael Granlund wins face-off versus Patrick Kane in Maple Leafs zone.
16:43 of 1st period - Snap shot by Alexander Ovechkin.
16:43 of 1st period - Stopped by Marc-André Fleury with a rebound.
16:45 of 1st period - Snap shot by Mikael Granlund.
16:45 of 1st period - Shot Hit the Post.
16:47 of 1st period - Slapshot by Alexander Edler.
16:47 of 1st period - Stopped by Marc-André Fleury without a rebound.
16:48 of 1st period - Patrick Kane wins face-off versus Niclas Bergfors in Maple Leafs zone.
17:05 of 1st period - Wrist shot by Niclas Bergfors.
17:05 of 1st period - Shot Misses the Net.
17:07 of 1st period - Slapshot by Alexander Ovechkin.
17:07 of 1st period - Stopped by Marc-André Fleury with a rebound.
17:09 of 1st period - Slapshot by Alexander Ovechkin.
17:09 of 1st period - Shot Misses the Net.
17:11 of 1st period - Slapshot by Alexander Edler.
17:11 of 1st period - Deflect By Mikael Granlund.
17:11 of 1st period - Shot Misses the Net.
17:11 of 1st period - Puck is out of play.
17:12 of 1st period - Patrick Kane wins face-off versus Ryan Kesler in Maple Leafs zone.
17:27 of 1st period - Snap shot by Brendan Gallagher.
17:27 of 1st period - Stopped by Marc-André Fleury without a rebound.
17:28 of 1st period - Patrick Kane wins face-off versus Mikael Granlund in Maple Leafs zone.
17:28 of 1st period - Patrick Kane is hit by Alexander Edler.
18:22 of 1st period - Penalty to Braydon Coburn is over, Braydon Coburn is back on ice.
18:35 of 1st period - Mika Zibanejad is hit by John Moore and loses puck.
19:23 of 1st period - Icing by Calvin de Haan.
19:24 of 1st period - Mikael Granlund wins face-off versus Brayden Schenn in Maple Leafs zone.
19:25 of 1st period - Snap shot by Alexander Ovechkin.
19:25 of 1st period - Stopped by Marc-André Fleury with a rebound.
19:59 of 1st period - Wrist shot by Brendan Gallagher.
19:59 of 1st period - Shot Misses the Net.
Goals for this period are 0 for Maple Leafs vs 0 for Predators.
Shots for this period are 7 for Maple Leafs vs 12 for Predators.

2nd period


0:01 of 2nd period - Mikael Granlund wins face-off versus Jordan Staal in neutral zone.
0:08 of 2nd period - Snap shot by Niclas Bergfors.
0:08 of 2nd period - Stopped by Marc-André Fleury with a rebound.
0:52 of 2nd period - Icing by John Klingberg.
0:53 of 2nd period - Andy Miele wins face-off versus Mika Zibanejad in Maple Leafs zone.
1:10 of 2nd period - Wrist shot by Andy Miele.
1:10 of 2nd period - Shot Misses the Net.
1:27 of 2nd period - Snap shot by Mika Zibanejad.
1:27 of 2nd period - Shot Misses the Net.
1:33 of 2nd period - Maxim Afinogenov is hit by Braydon Coburn and loses puck.
1:42 of 2nd period - Justin Faulk is hit by Blake Comeau and loses puck.
1:46 of 2nd period - Icing by Justin Faulk.
1:47 of 2nd period - Andy Miele wins face-off versus Jordan Staal in Predators zone.
2:20 of 2nd period - Ben Smith is hit by Niclas Bergfors and loses puck.
2:25 of 2nd period - Snap shot by Mikael Granlund.
2:25 of 2nd period - Stopped by Marc-André Fleury with a rebound.
2:37 of 2nd period - Slapshot by Ryan Mcdonagh.
2:37 of 2nd period - Stopped by Marc-André Fleury with a rebound.
2:47 of 2nd period - John Klingberg is hit by Ryan Kesler and loses puck.
3:07 of 2nd period - Snap shot by Justin Abdelkader.
3:07 of 2nd period - Stopped by Marc-André Fleury with a rebound.
3:19 of 2nd period - Snap shot by Mikael Granlund.
3:19 of 2nd period - Stopped by Marc-André Fleury without a rebound.
3:20 of 2nd period - Jordan Staal wins face-off versus Mikael Granlund in Maple Leafs zone.
3:24 of 2nd period - Icing by Taylor Hall.
3:25 of 2nd period - Mikael Granlund wins face-off versus Jordan Staal in Maple Leafs zone.
3:38 of 2nd period - Wrist shot by Taylor Hall.
3:38 of 2nd period - Shot Blocked by Alexander Edler.
3:40 of 2nd period - Wrist shot by Jordan Staal.
3:40 of 2nd period - Stopped by Viktor Fasth with a rebound.
3:42 of 2nd period - Slapshot by Taylor Hall.
3:42 of 2nd period - Stopped by Viktor Fasth without a rebound.
3:43 of 2nd period - Ryan Kesler wins face-off versus Brayden Schenn in Predators zone.
3:54 of 2nd period - Snap shot by Brendan Gallagher.
3:54 of 2nd period - Shot Misses the Net.
3:56 of 2nd period - Wrist shot by Ryan Kesler.
3:56 of 2nd period - Shot Misses the Net.
3:58 of 2nd period - Wrist shot by Ryan Kesler.
3:58 of 2nd period - Shot Misses the Net.
4:08 of 2nd period - Kyle Clifford is hit by Andy Miele and loses puck.
4:55 of 2nd period - Slapshot by Kevin Shattenkirk.
4:55 of 2nd period - Shot Blocked by Byron Bitz.
5:58 of 2nd period - Snap shot by Brendan Gallagher.
5:58 of 2nd period - Stopped by Marc-André Fleury with a rebound.
6:00 of 2nd period - Wrist shot by Brendan Gallagher.
6:00 of 2nd period - Stopped by Marc-André Fleury with a rebound.
6:02 of 2nd period - Wrist shot by Alex Killorn.
6:02 of 2nd period - Stopped by Marc-André Fleury with a rebound.
7:20 of 2nd period - Slapshot by Ryan Kesler.
7:20 of 2nd period - Shot Misses the Net.
7:22 of 2nd period - Snap shot by Nate Schmidt.
7:22 of 2nd period - Stopped by Marc-André Fleury with a rebound.
7:24 of 2nd period - Wrist shot by Alex Killorn.
7:24 of 2nd period - Stopped by Marc-André Fleury with a rebound.
7:26 of 2nd period - Slapshot by Nate Schmidt.
7:26 of 2nd period - Goal by Nate Schmidt - Maple Leafs : 0 - Predators : 1.
7:27 of 2nd period - Jordan Staal wins face-off versus Mikael Granlund in neutral zone.
7:30 of 2nd period - Slapshot by Kevin Shattenkirk.
7:30 of 2nd period - Stopped by Viktor Fasth with a rebound.
8:04 of 2nd period - Wrist shot by Byron Bitz.
8:04 of 2nd period - Shot Blocked by Patrick Kane.
8:20 of 2nd period - Slapshot by Taylor Hall.
8:20 of 2nd period - Deflect By Jordan Staal.
8:20 of 2nd period - Stopped by Viktor Fasth with a rebound.
8:22 of 2nd period - Slapshot by Braydon Coburn.
8:22 of 2nd period - Shot Misses the Net.
8:26 of 2nd period - Backhand shot by Patrick Kane.
8:26 of 2nd period - Shot Misses the Net.
8:28 of 2nd period - Wrist shot by Jordan Staal.
8:28 of 2nd period - Shot Misses the Net.
8:30 of 2nd period - Wrist shot by Jordan Staal.
8:30 of 2nd period - Stopped by Viktor Fasth with a rebound.
8:52 of 2nd period - Snap shot by Taylor Hall.
8:52 of 2nd period - Goal by Taylor Hall - Maple Leafs : 1 - Predators : 1.
8:53 of 2nd period - Brayden Schenn wins face-off versus Mikael Granlund in neutral zone.
9:02 of 2nd period - Snap shot by Alexander Ovechkin.
9:02 of 2nd period - Shot Misses the Net.
9:04 of 2nd period - Slapshot by Niclas Bergfors.
9:04 of 2nd period - Shot Blocked by Calvin de Haan.
9:28 of 2nd period - Slapshot by John Klingberg.
9:28 of 2nd period - Shot Misses the Net.
9:51 of 2nd period - Off-side.
9:52 of 2nd period - Mikael Granlund wins face-off versus Brayden Schenn in neutral zone.
10:00 of 2nd period - Icing by Ben Smith.
10:01 of 2nd period - Brayden Schenn wins face-off versus Mikael Granlund in Maple Leafs zone.
10:14 of 2nd period - Snap shot by Kyle Clifford.
10:14 of 2nd period - Stopped by Viktor Fasth without a rebound.
10:15 of 2nd period - Mikael Granlund wins face-off versus Jordan Staal in Predators zone.
11:04 of 2nd period - Icing by Andy Miele.
11:05 of 2nd period - Andy Miele wins face-off versus Nate Thompson in Predators zone.
11:12 of 2nd period - Snap shot by Jake Guentzel.
11:12 of 2nd period - Stopped by Viktor Fasth without a rebound.
11:13 of 2nd period - Jordan Staal wins face-off versus Mikael Granlund in Predators zone.
11:16 of 2nd period - Wrist shot by Patrick Kane.
11:16 of 2nd period - Shot Misses the Net.
11:18 of 2nd period - Snap shot by Patrick Kane.
11:18 of 2nd period - Stopped by Viktor Fasth without a rebound.
11:19 of 2nd period - Jordan Staal wins face-off versus Mikael Granlund in Predators zone.
11:52 of 2nd period - Wrist shot by Brendan Gallagher.
11:52 of 2nd period - Shot Blocked by Braydon Coburn.
11:54 of 2nd period - Slapshot by Justin Faulk.
11:54 of 2nd period - Stopped by Marc-André Fleury without a rebound.
11:55 of 2nd period - Andy Miele wins face-off versus Jordan Staal in Maple Leafs zone.
12:00 of 2nd period - Snap shot by Andy Miele.
12:00 of 2nd period - Stopped by Marc-André Fleury with a rebound.
12:02 of 2nd period - Snap shot by Andy Miele.
12:02 of 2nd period - Shot Misses the Net.
12:52 of 2nd period - Snap shot by Hampus Lindholm.
12:52 of 2nd period - Stopped by Viktor Fasth with a rebound.
12:54 of 2nd period - Snap shot by Taylor Hall.
12:54 of 2nd period - Stopped by Viktor Fasth without a rebound.
12:55 of 2nd period - Niclas Bergfors wins face-off versus Brayden Schenn in Predators zone.
14:02 of 2nd period - Ben Smith is hit by Justin Abdelkader and loses puck.
14:07 of 2nd period - Slapshot by Nik Antropov.
14:07 of 2nd period - Shot Blocked by Hampus Lindholm.
15:03 of 2nd period - Snap shot by Nate Thompson.
15:03 of 2nd period - Shot Blocked by Ryan Kesler.
15:15 of 2nd period - Snap shot by Ryan Kesler.
15:15 of 2nd period - Shot Blocked by Braydon Coburn.
15:17 of 2nd period - Snap shot by Alexander Edler.
15:17 of 2nd period - Shot Misses the Net.
15:19 of 2nd period - Slapshot by Ryan Mcdonagh.
15:19 of 2nd period - Deflect By Ryan Kesler.
15:19 of 2nd period - Shot Misses the Net.
15:19 of 2nd period - Puck is out of play.
15:20 of 2nd period - Mikael Granlund wins face-off versus Jordan Staal in Maple Leafs zone.
15:31 of 2nd period - Slapshot by Alexander Ovechkin.
15:31 of 2nd period - Stopped by Marc-André Fleury with a rebound.
15:33 of 2nd period - Slapshot by Denis Grebeshkov.
15:33 of 2nd period - Stopped by Marc-André Fleury without a rebound.
15:34 of 2nd period - Jordan Staal wins face-off versus Mikael Granlund in Maple Leafs zone.
15:39 of 2nd period - Wrist shot by Patrick Kane.
15:39 of 2nd period - Shot Misses the Net.
16:45 of 2nd period - Ryan Mcdonagh is hit by Taylor Hall and loses puck.
17:19 of 2nd period - Slapshot by Kevin Shattenkirk.
17:19 of 2nd period - Shot Blocked by Mikael Granlund.
17:57 of 2nd period - Snap shot by John Klingberg.
17:57 of 2nd period - Stopped by Viktor Fasth without a rebound.
17:58 of 2nd period - Jordan Staal wins face-off versus Ryan Kesler in Predators zone.
18:13 of 2nd period - Snap shot by Patrick Kane.
18:13 of 2nd period - Stopped by Viktor Fasth without a rebound.
18:14 of 2nd period - Mikael Granlund wins face-off versus Brayden Schenn in Predators zone.
18:44 of 2nd period - Wrist shot by Brendan Gallagher.
18:44 of 2nd period - Shot Misses the Net.
18:46 of 2nd period - Wrist shot by Ryan Kesler.
18:46 of 2nd period - Shot Misses the Net.
18:48 of 2nd period - Wrist shot by Ryan Kesler.
18:48 of 2nd period - Deflect By Brendan Gallagher.
18:48 of 2nd period - Stopped by Marc-André Fleury with a rebound.
19:50 of 2nd period - Wrist shot by Denis Grebeshkov.
19:50 of 2nd period - Stopped by Marc-André Fleury with a rebound.
19:52 of 2nd period - Slapshot by Denis Grebeshkov.
19:52 of 2nd period - Shot Misses the Net.
19:54 of 2nd period - Snap shot by Alexander Ovechkin.
19:54 of 2nd period - Stopped by Marc-André Fleury with a rebound.
19:56 of 2nd period - Wrist shot by Alexander Ovechkin.
19:56 of 2nd period - Stopped by Marc-André Fleury with a rebound.
Goals for this period are 1 for Maple Leafs vs 1 for Predators.
Shots for this period are 13 for Maple Leafs vs 19 for Predators.

3rd period


0:01 of 3rd period - Mikael Granlund wins face-off versus Jordan Staal in neutral zone.
0:01 of 3rd period - Alexander Ovechkin is hit by Patrick Kane.
0:03 of 3rd period - Snap shot by Mikael Granlund.
0:03 of 3rd period - Shot Misses the Net.
0:05 of 3rd period - Wrist shot by Niclas Bergfors.
0:05 of 3rd period - Shot Blocked by Braydon Coburn.
0:07 of 3rd period - Slapshot by Alexander Edler.
0:07 of 3rd period - Stopped by Marc-André Fleury without a rebound.
0:08 of 3rd period - Jordan Staal wins face-off versus Mikael Granlund in Maple Leafs zone.
0:08 of 3rd period - Minor Penalty to Patrick Kane for Delaying the game.
0:09 of 3rd period - Mikael Granlund wins face-off versus Blake Comeau in Maple Leafs zone.
0:20 of 3rd period - Slapshot by Mikael Granlund.
0:20 of 3rd period - Goal by Mikael Granlund - Maple Leafs : 1 - Predators : 2.
0:21 of 3rd period - Jordan Staal wins face-off versus Mikael Granlund in neutral zone.
0:23 of 3rd period - Minor Penalty to Braydon Coburn for Slashing.
0:24 of 3rd period - Patrick Kane wins face-off versus Mikael Granlund in Maple Leafs zone.
2:23 of 3rd period - Penalty to Braydon Coburn is over, Braydon Coburn is back on ice.
2:23 of 3rd period - John Moore is hit by Blake Comeau and loses puck.
2:30 of 3rd period - Snap shot by Kyle Clifford.
2:30 of 3rd period - Shot Misses the Net.
2:42 of 3rd period - Denis Grebeshkov is hit by Beau Bennett and loses puck.
2:49 of 3rd period - Wrist shot by Beau Bennett.
2:49 of 3rd period - Deflect By Nate Thompson.
2:49 of 3rd period - Goal by Nate Thompson - Maple Leafs : 2 - Predators : 2.
2:50 of 3rd period - Ryan Kesler wins face-off versus Patrick Kane in neutral zone.
2:53 of 3rd period - Slapshot by Alexander Edler.
2:53 of 3rd period - Stopped by Marc-André Fleury without a rebound.
2:54 of 3rd period - Ryan Kesler wins face-off versus Jordan Staal in Maple Leafs zone.
2:55 of 3rd period - Slapshot by Alexander Edler.
2:55 of 3rd period - Stopped by Marc-André Fleury without a rebound.
2:56 of 3rd period - Ryan Kesler wins face-off versus Jordan Staal in Maple Leafs zone.
3:37 of 3rd period - Minor Penalty to Ben Smith for Roughing.
3:38 of 3rd period - Patrick Kane wins face-off versus Mikael Granlund in Maple Leafs zone.
3:52 of 3rd period - Icing by Niclas Bergfors.
3:53 of 3rd period - Mikael Granlund wins face-off versus Patrick Kane in Predators zone.
4:11 of 3rd period - Off-side.
4:12 of 3rd period - Patrick Kane wins face-off versus Ryan Kesler in neutral zone.
4:38 of 3rd period - Kevin Shattenkirk is hit by Alexander Ovechkin and loses puck.
4:53 of 3rd period - Kevin Shattenkirk is hit by Alexander Ovechkin and loses puck.
5:22 of 3rd period - Icing by Ryan Mcdonagh.
5:23 of 3rd period - Patrick Kane wins face-off versus Alexander Ovechkin in Predators zone.
5:37 of 3rd period - Penalty to Ben Smith is over, Ben Smith is back on ice.
6:00 of 3rd period - Snap shot by Patrick Kane.
6:00 of 3rd period - Shot Misses the Net.
6:19 of 3rd period - Snap shot by Eric Nystrom.
6:19 of 3rd period - Shot Misses the Net.
6:21 of 3rd period - Wrist shot by Blake Comeau.
6:21 of 3rd period - Shot Misses the Net.
6:23 of 3rd period - Backhand shot by Eric Nystrom.
6:23 of 3rd period - Stopped by Viktor Fasth without a rebound.
6:24 of 3rd period - Niclas Bergfors wins face-off versus Eric Nystrom in Predators zone.
6:24 of 3rd period - Niclas Bergfors is hit by Mika Zibanejad.
6:30 of 3rd period - Slapshot by Niclas Bergfors.
6:30 of 3rd period - Shot Misses the Net.
7:11 of 3rd period - Snap shot by Kyle Clifford.
7:11 of 3rd period - Stopped by Viktor Fasth without a rebound.
7:12 of 3rd period - Brayden Schenn wins face-off versus Mikael Granlund in Predators zone.
7:27 of 3rd period - Niclas Bergfors is hit by Brayden Schenn and loses puck.
7:38 of 3rd period - Jordan Staal is hit by Maxim Afinogenov and loses puck.
8:31 of 3rd period - Snap shot by Kyle Clifford.
8:31 of 3rd period - Stopped by Viktor Fasth with a rebound.
8:33 of 3rd period - Snap shot by Brayden Schenn.
8:33 of 3rd period - Shot Misses the Net.
8:40 of 3rd period - Icing by John Moore.
8:41 of 3rd period - Nate Thompson wins face-off versus Mikael Granlund in Predators zone.
8:52 of 3rd period - Wrist shot by Beau Bennett.
8:52 of 3rd period - Shot Misses the Net.
8:54 of 3rd period - Slapshot by Calvin de Haan.
8:54 of 3rd period - Shot Hit the Post.
8:56 of 3rd period - Wrist shot by Nate Thompson.
8:56 of 3rd period - Shot Misses the Net.
9:06 of 3rd period - Snap shot by Alexander Ovechkin.
9:06 of 3rd period - Stopped by Marc-André Fleury with a rebound.
9:34 of 3rd period - Wrist shot by Andy Miele.
9:34 of 3rd period - Stopped by Marc-André Fleury without a rebound.
9:35 of 3rd period - Brayden Schenn wins face-off versus Andy Miele in Maple Leafs zone.
10:00 of 3rd period - Wrist shot by Alexander Steen.
10:00 of 3rd period - Shot Misses the Net.
10:08 of 3rd period - Snap shot by Andy Miele.
10:08 of 3rd period - Shot Blocked by Kevin Shattenkirk.
10:10 of 3rd period - Snap shot by Alexander Steen.
10:10 of 3rd period - Stopped by Marc-André Fleury with a rebound.
10:12 of 3rd period - Slapshot by Nate Schmidt.
10:12 of 3rd period - Stopped by Marc-André Fleury without a rebound.
10:13 of 3rd period - Jordan Staal wins face-off versus Mikael Granlund in Maple Leafs zone.
11:22 of 3rd period - Slapshot by Alexander Steen.
11:22 of 3rd period - Shot Misses the Net.
11:32 of 3rd period - Snap shot by Blake Comeau.
11:32 of 3rd period - Stopped by Viktor Fasth without a rebound.
11:33 of 3rd period - Mikael Granlund wins face-off versus Jordan Staal in Predators zone.
12:05 of 3rd period - Snap shot by Ben Smith.
12:05 of 3rd period - Stopped by Viktor Fasth without a rebound.
12:06 of 3rd period - Brayden Schenn wins face-off versus Ryan Kesler in Predators zone.
12:07 of 3rd period - Slapshot by Kyle Clifford.
12:07 of 3rd period - Shot Misses the Net.
12:11 of 3rd period - Slapshot by Brayden Schenn.
12:11 of 3rd period - Goal by Brayden Schenn - Maple Leafs : 3 - Predators : 2.
12:12 of 3rd period - Jordan Staal wins face-off versus Mikael Granlund in neutral zone.
12:16 of 3rd period - Kevin Shattenkirk is hit by Ryan Mcdonagh and loses puck.
12:38 of 3rd period - Brayden Schenn is hit by Ryan Kesler and loses puck.
12:52 of 3rd period - Minor Penalty to Brendan Gallagher for Tripping.
12:53 of 3rd period - Alexander Ovechkin wins face-off versus Jordan Staal in Predators zone.
12:59 of 3rd period - Snap shot by Patrick Kane.
12:59 of 3rd period - Stopped by Viktor Fasth with a rebound.
13:01 of 3rd period - Snap shot by Jordan Staal.
13:01 of 3rd period - Shot Misses the Net.
13:05 of 3rd period - Slapshot by Taylor Hall.
13:05 of 3rd period - Shot Misses the Net.
13:07 of 3rd period - Slapshot by Kevin Shattenkirk.
13:07 of 3rd period - Shot Misses the Net.
13:09 of 3rd period - Wrist shot by Jordan Staal.
13:09 of 3rd period - Shot Misses the Net.
14:52 of 3rd period - Penalty to Brendan Gallagher is over, Brendan Gallagher is back on ice.
15:33 of 3rd period - Slapshot by Beau Bennett.
15:33 of 3rd period - Shot Blocked by Nik Antropov.
15:35 of 3rd period - Slapshot by Calvin de Haan.
15:35 of 3rd period - Stopped by Viktor Fasth with a rebound.
15:37 of 3rd period - Snap shot by Beau Bennett.
15:37 of 3rd period - Shot Misses the Net.
15:39 of 3rd period - Wrist shot by Jake Guentzel.
15:39 of 3rd period - Shot Misses the Net.
15:41 of 3rd period - Wrist shot by Jake Guentzel.
15:41 of 3rd period - Stopped by Viktor Fasth with a rebound.
15:43 of 3rd period - Slapshot by Hampus Lindholm.
15:43 of 3rd period - Stopped by Viktor Fasth without a rebound.
15:44 of 3rd period - Andy Miele wins face-off versus Mika Zibanejad in Predators zone.
15:59 of 3rd period - Mika Zibanejad is hit by Andy Miele.
16:10 of 3rd period - Minor Penalty to Mikael Granlund for Tripping.
16:11 of 3rd period - Jordan Staal wins face-off versus Alexander Ovechkin in Predators zone.
16:14 of 3rd period - Snap shot by Jordan Staal.
16:14 of 3rd period - Stopped by Viktor Fasth with a rebound.
16:16 of 3rd period - Slapshot by Jordan Staal.
16:16 of 3rd period - Stopped by Viktor Fasth with a rebound.
16:18 of 3rd period - Slapshot by Kevin Shattenkirk.
16:18 of 3rd period - Deflect By Patrick Kane.
16:18 of 3rd period - Stopped by Viktor Fasth without a rebound.
16:19 of 3rd period - Jordan Staal wins face-off versus Alexander Ovechkin in Predators zone.
16:22 of 3rd period - Wrist shot by Taylor Hall.
16:22 of 3rd period - Shot Misses the Net.
16:24 of 3rd period - Wrist shot by Jordan Staal.
16:24 of 3rd period - Shot Misses the Net.
16:26 of 3rd period - Snap shot by Patrick Kane.
16:26 of 3rd period - Stopped by Viktor Fasth without a rebound.
16:27 of 3rd period - Alexander Ovechkin wins face-off versus Jordan Staal in Predators zone.
16:27 of 3rd period - Alexander Ovechkin is hit by Kevin Shattenkirk.
17:01 of 3rd period - Off-side.
17:02 of 3rd period - Jordan Staal wins face-off versus Andy Miele in neutral zone.
17:05 of 3rd period - Andy Miele is hit by John Klingberg and loses puck.
18:10 of 3rd period - Penalty to Mikael Granlund is over, Mikael Granlund is back on ice.
18:30 of 3rd period - Wrist shot by Blake Comeau.
18:30 of 3rd period - Stopped by Viktor Fasth without a rebound.
18:31 of 3rd period - Andy Miele wins face-off versus Jordan Staal in Predators zone.
18:48 of 3rd period - Andy Miele is hit by Jordan Staal and loses puck.
19:09 of 3rd period - Wrist shot by Patrick Kane.
19:09 of 3rd period - Shot Blocked by Justin Faulk.
19:44 of 3rd period - Predators, Viktor Fasth is pulled from the net.
19:48 of 3rd period - Snap shot by Ryan Kesler.
19:48 of 3rd period - Shot Misses the Net.
Goals for this period are 2 for Maple Leafs vs 1 for Predators.
Shots for this period are 16 for Maple Leafs vs 8 for Predators.